 Dungeon Crawl Stone Soup version 0.25-a0-502-g6516661a7a (webtiles) character file.

Game seed: 5455111696760885251, levelgen mode: deterministic

231 mopl the Bolt Thrower (level 5, -13/47 HPs)
             Began as a Minotaur Hunter on Feb 12, 2020.
             Was an Initiate of Okawaru.
             Mangled by an ogre
             ... wielding a +0 giant club
              (18 damage)
             ... on level 4 of the Dungeon.
             The game lasted 00:03:57 (2743 turns).

mopl the Bolt Thrower (Minotaur Hunter)             Turns: 2743, Time: 00:03:58

Health: -13/47     AC: 10    Str: 18    XL:     5   Next: 73%
Magic:  4/4        EV:  8    Int:  8    God:    Okawaru [......]
Gold:   154        SH:  0    Dex: 10    Spells: 4/4 levels left

rFire    + . .     SeeInvis .   t - staff of fire (curse)
rCold    . . .     Gourm    .   (no shield)
rNeg     . . .     Faith    .   u - +0 chain mail
rPois    .         Spirit   .   (helmet restricted)
rElec    .         Reflect  .   n - +0 cloak
rCorr    .         Harm     .   (no gloves)
MR       .....                  (no boots)
Stlth    ..........             (no amulet)
HPRegen  0.15/turn              (no ring)
MPRegen  0.09/turn              (no ring)

@: no status effects
A: retaliatory headbutt, horns 2
a: Renounce Religion


You were on level 4 of the Dungeon.
You worshipped Okawaru.
Okawaru was noncommittal.
You were not hungry.

You visited 1 branch of the dungeon, and saw 4 of its levels.

You collected 154 gold pieces.

Inventory:

Hand Weapons
 a - a +1 hand crossbow
 b - a +0 short sword of protection
 x - a +1 dagger of venom
Missiles
 d - 20 bolts
Armour
 n - a +0 cloak (worn)
 u - a +0 chain mail (worn)
Magical Staves
 t - a cursed staff of fire (weapon)
Wands
 q - a wand of flame (18)
Scrolls
 e - a scroll of random uselessness {unknown}
 h - a scroll of teleportation {unknown}
 i - a scroll of amnesia {unknown}
 j - a scroll of fog {unknown}
 k - a scroll of remove curse {unknown}
 l - a scroll of magic mapping {unknown}
 o - a scroll of noise {unknown}
 p - a scroll of fear {unknown}
Potions
 g - 2 potions of lignification {unknown}
 m - 4 potions of curing {unknown}
 r - a potion of might
 s - a potion of mutation {!q}
 v - a potion of flight {unknown}
 w - a potion of agility {unknown}
Comestibles
 c - 2 chunks of flesh
 f - 9 rations


   Skills:
 + Level 4.3 Fighting
 + Level 5.6 Crossbows
 + Level 3.5 Armour
 - Level 2.1 Dodging
 - Level 0.7 Stealth
 + Level 0.8 Invocations
 + Level 1.0 Evocations


You had 4 spell levels left.
You didn't know any spells.
Your spell library was empty.

Dungeon Overview and Level Annotations

Branches:
Dungeon (4/15)
 Temple: D:4-7

Altars:
Fedhas
Nemelex Xobeh
Okawaru


Innate Abilities, Weirdness & Mutations

You reflexively headbutt those who attack you in melee.
You have a pair of horns on your head.


Message History

You are too injured to fight recklessly!
You are too injured to fight recklessly!
You are too injured to fight recklessly!
You are too injured to fight recklessly!
You are too injured to fight recklessly!
You are too injured to fight recklessly!
You hit the ogre but do no damage.
The ogre is heavily wounded.
The ogre hits you with a +0 giant club.
You hit the ogre. You headbutt the ogre!
The ogre is almost dead.
The ogre barely misses you.
You completely miss the ogre.
The ogre is almost dead.
The ogre hits you with a +0 giant club!
* * * LOW HITPOINT WARNING * * *
Your chain mail prevents you from hitting the ogre.
The ogre is almost dead.
The ogre hits you with a +0 giant club!!
You die...

######....###.# #.#......(....
.....#.#....... ..###.########
#..#.#.#......# #####........#
#..#.#.######.###..........#.#
#..#.#.# #....#########.#
#<...#.# #..))# # #..#.#.#
#....# .....# #....# .....#
#...@# .##### #....O...... ...
######...... .### ...... ...
##### .#.# ## #


You could see an ogre.

Vanquished Creatures
  Terence (D:3)
  Natasha (thrice) (D:3)
  A worker ant (D:3)
  An adder (D:3)
  An ooze (D:1)
  An adder skeleton (D:4)
  2 dart slugs (D:1)
  3 leopard geckos
  8 orcs
  10 bats
  7 giant cockroaches
  7 goblins
  9 hobgoblins
  2 jackals (D:3)
  2 quokkas (D:2)
  A frilled lizard (D:1)
  8 kobolds
  13 rats
80 creatures vanquished.

Notes
Turn   | Place    | Note
-------+----------+-------------------------------------------
     0 | D:1      | mopl the Minotaur Hunter began the quest for the Orb.
     0 | D:1      | Reached XP level 1. HP: 18/18 MP: 0/0
   213 | D:1      | Reached skill level 1 in Armour
   213 | D:1      | Reached XP level 2. HP: 16/25 MP: 1/1
   329 | D:1      | Reached skill level 3 in Fighting
   458 | D:1      | Reached XP level 3. HP: 25/31 MP: 2/2
   954 | D:2      | Reached skill level 2 in Armour
   964 | D:2      | Found a sparkling altar of Nemelex Xobeh.
  1361 | D:2      | Reached skill level 5 in Crossbows
  1684 | D:3      | Reached XP level 4. HP: 19/40 MP: 3/3
  1688 | D:3      | Noticed Terence
  1944 | D:3      | Killed Terence
  2051 | D:3      | Reached skill level 3 in Armour
  2060 | D:3      | Reached skill level 4 in Fighting
  2154 | D:3      | Noticed Natasha
  2165 | D:3      | Killed Natasha
  2165 | D:3      | Reached XP level 5. HP: 30/46 MP: 4/4
  2199 | D:3      | Found an iron altar of Okawaru.
  2206 | D:3      | Became a worshipper of Warmaster Okawaru
  2309 | D:3      | Noticed Natasha
  2320 | D:3      | Killed Natasha
  2632 | D:3      | Noticed Natasha
  2641 | D:3      | Killed Natasha
  2682 | D:4      | Found a blossoming altar of Fedhas.
  2728 | D:4      | Reached skill level 1 in Evocations
  2737 | D:4      | Noticed an ogre
  2743 | D:4      | Mangled by an ogre

Levels and vault maps discovered:
D:1:      minmay_arrival_five_plusses, layout_basic, minmay_pentomino_v2
D:2:      minmay_inner_zag, layout_loops_ring, nemelex_xobeh_ov_fountains_minmay
D:3:      layout_rooms, okawaru_metal_pillars_1_2, first_ration, uniq_natasha,
          uniq_terence
D:4:      layout_basic, nicolae_overflow_crystal_walls

Skill      XL: |  1  2  3  4  5 |
---------------+----------------+-----
Armour         | 1 2 3 |  3.5
Fighting       | 3 4 |  4.3
Crossbows      | 5 |  5.6
Evocations     | 1 |  1.0
Dodging        | |  2.1
Stealth        | |  0.7
Invocations    | |  0.8

Action                   |  1- 3 |  4- 6 || total
-------------------------+-------+-------++-------
Melee: Short sword       |   104 |     8 ||   112
       Headbutt          |    17 |    28 ||    45
       Staff             |       |   109 ||   109
  Use: Scroll            |       |     3 ||     3
  Eat: Chunk             |     2 |     4 ||     6
Armor: Leather armour    |    38 |     4 ||    42
       Chain mail        |       |    71 ||    71
Dodge: Dodged            |    77 |    48 ||   125

Table legend:
 A = Non-vault XP
 B = Vault XP
 C = Vault XP percentage of total XP
 D = Non-vault monster count
 E = Vault monster count
 F = Vault count percentage of total count
                 A         B        C        D         E       F
            +---------+---------+-------+---------+---------+-------
      Total |     250 |      81 |  24.5 |      71 |       9 |  11.2
            +---------+---------+-------+---------+---------+-------
        D:1 |      52 |       0 |   0.0 |      26 |       0 |   0.0
        D:2 |      27 |      10 |  27.0 |      17 |       7 |  29.2
        D:3 |     157 |      71 |  31.1 |      24 |       2 |   7.7
        D:4 |      14 |       0 |   0.0 |       4 |       0 |   0.0
            +---------+---------+-------+---------+---------+-------
